 Dungeon Crawl Stone Soup version 0.22-a0-525-gf69a080 (webtiles) character file.

7 Amnesiac the Ducker (level 1, 0/11 HPs)
             Began as a Spriggan Fighter on June 20, 2018.
             Succumbed to a goblin's poison
             ... on level 1 of the Dungeon.
             The game lasted 00:00:30 (72 turns).

Amnesiac the Ducker (Spriggan Fighter)                Turns: 72, Time: 00:00:31

Health: 0/11       AC:  2    Str: 12    XL:     1   Next: 91%
Magic:  2/2        EV: 25    Int:  9    God:
Gold:   0          SH:  7    Dex: 20    Spells: 0/0 levels left

rFire    . . .     SeeInvis +   a - +0 long sword
rCold    . . .     Gourm    .   c - +0 buckler
rNeg     . . .     Faith    .   b - +0 robe
rPois    .         Spirit   .   (helmet restricted)
rElec    .         Reflect  .   (no cloak)
rCorr    .         Harm     .   (gloves unavailable)
MR       .....                  (boots unavailable)
Stlth    +++.......             (no amulet)
HPRegen  0.03/turn              (no ring)
MPRegen  0.08/turn              (no ring)

@: agile, lethally poisoned (0 -> -16), very quick
A: very small, unfitting armour, see invisible, herbivore, speed 3, slow
metabolism 2
a: no special abilities


You were on level 1 of the Dungeon.
You were not hungry.

You visited 1 branch of the dungeon, and saw 1 of its levels.

Inventory:

Hand Weapons
 a - a +0 long sword (weapon)
 e - a +0 dagger of venom
 g - a +0 hunting sling
Armour
 b - a +0 robe (worn)
 c - a +0 buckler (worn)
Potions
 d - a potion of might {!q}
Comestibles
 f - a ration


   Skills:
 + Level 2.5 Fighting
 - Level 2.0 Long Blades
 - Level 4.4 Dodging
 - Level 2.2 Shields


You couldn't memorise any spells.
You didn't know any spells.
Your spell library was empty.

Dungeon Overview and Level Annotations

Branches:
Dungeon (1/15)

Altars:


Innate Abilities, Weirdness & Mutations

You are very small and have problems with some larger weapons.
You are too small for most types of armour.
You have supernaturally acute eyesight. (SInv)
You are a herbivore.
You cover ground extremely quickly.
You need to consume almost no food.


Message History

The dart slug is severely wounded.
The dart slug closely misses you.
You slash the dart slug!
You kill the dart slug!
Training target 2.0 for Long Blades reached!
Your Long Blades skill increases to level 2!
You need to enable at least one skill for training.
Found 18 arrows.
e - a grey potion {!q} A leopard gecko comes into view.
The leopard gecko hisses angrily.
Found 21 arrows.
A leopard gecko is nearby!
A leopard gecko is nearby!
You see here 21 arrows.
You hit the leopard gecko but do no damage.
The leopard gecko completely misses you.
The leopard gecko barely misses you.
You hit the leopard gecko.
The leopard gecko is heavily wounded.
The leopard gecko bites you.
You hit the leopard gecko.
You kill the leopard gecko!
No target in view!
No target in view!
Found a hunting sling.
A goblin and a kobold come into view.
The goblin is wielding a dagger of venom.
There are monsters nearby!
You see here a hunting sling.
g - a hunting sling
Press: ? - help, v - describe, . - travel
Here: a goblin, wielding a dagger of venom The floor.
You completely miss the goblin.
The goblin hits you with a dagger of venom.
You are lethally poisoned!
You hit the goblin.
The goblin is severely wounded.
You feel sick. The goblin closely misses you.
You barely miss the goblin.
The goblin is severely wounded.
You feel sick. The goblin hits you but does no damage.
You are more poisoned.
The goblin barely misses you.
You slash the goblin!
You kill the goblin!
* * * LOW HITPOINT WARNING * * *
You feel sick.
Wield which item (- for none, * to show all)? (? for menu, Esc to quit)
Okay, then.
Okay, then.
Really quaff
e - a grey potion {!q}?
It was a potion of agility {!q}.
You feel agile all of a sudden.
* * * LOW HITPOINT WARNING * * *
You feel sick.
Take off which item? (? for menu, Esc to quit)
Okay, then.
You see here a dagger of venom.
e - a dagger of venom
* * * LOW HITPOINT WARNING * * *
You feel sick.
You die...

### #.. #.### #
....
#..K#####.#######
.......@.........
#...####..##### .
#..#######
#.....(..#
#.######.#
#####.# #.#
#.....# #.#
#.##..# #.# ##.#
##.#


You could see a kobold (sleeping).

Vanquished Creatures
  A dart slug (D:1)
  A leopard gecko (D:1)
  A hobgoblin (D:1)
  A goblin (D:1)
  A kobold (D:1)
5 creatures vanquished.

Notes
Turn   | Place    | Note
-------+----------+-------------------------------------------
     0 | D:1      | Amnesiac the Spriggan Fighter began the quest for the Orb.
     0 | D:1      | Reached XP level 1. HP: 11/11 MP: 2/2
    72 | D:1      | Succumbed to a goblin's poison

Vault maps used:
D:1:      lemuel_arrival_muddy

Skill      XL: |  1 |
---------------+----+-----
Long Blades    | 2 |  2.0
Fighting       | |  2.5
Dodging        | |  4.4
Shields        | |  2.2

Action                   || total
-------------------------++-------
Melee: Long sword        ||    11
  Use: Potion            ||     1
 Stab: Sleeping          ||     1
Dodge: Dodged            ||     5
Block: Buckler           ||     1

Table legend:
 A = Spawn XP
 B = Non-spawn XP
 C = Spawn XP percentage of total XP
 D = Spawn monster count
 E = Non-spawn monster count
 F = Spawn count percentage of total count
 G = Total turns spent on level
                    A         B        C        D         E        F      G
               +---------+---------+-------+---------+---------+-------+---------
         Total |       0 |      11 |   0.0 |       0 |       5 |   0.0 |    72
               +---------+---------+-------+---------+---------+-------+---------
           D:1 |       0 |      11 |   0.0 |       0 |       5 |   0.0 |    72
               +---------+---------+-------+---------+---------+-------+---------
